 Dungeon Crawl Stone Soup version 0.26.1-2-gb8aa6d0cf2 (webtiles) character file.

Game seed: 13363956529883646056

86 evile24 the Grave Robber (level 4, -6/24 HPs)
             Began as a Deep Elf Necromancer on Mar 5, 2021.
             Killed by divine providence
             ... invoked by an orc priest
              (9 damage)
             ... on level 3 of the Dungeon.
             The game lasted 00:17:25 (3468 turns).

evile24 the Grave Robber (Deep Elf Necromancer)     Turns: 3468, Time: 00:17:26

Health: -6/24      AC:  6    Str:  6    XL:     4   Next: 26%
Magic:  6/12       EV: 14    Int: 20    God:
Gold:   153        SH:  0    Dex: 15    Spells: 9/11 levels left

rFire    . . .     SeeInvis .   j - +0 dagger
rCold    . . .     Faith    .   (no shield)
rNeg     . . .     Spirit   .   p - +1 robe
rPois    .         Reflect  .   (no helmet)
rElec    .         Harm     .   (no cloak)
rCorr    .         Rampage  .   (no gloves)
Will     .....                  q - +2 pair of boots
Stlth    ++........             (no amulet)
HPRegen  0.08/turn              (no ring)
MPRegen  0.13/turn              (no ring)

@: no status effects
A: no striking features
a: no special abilities


You were on level 3 of the Dungeon.
You visited 1 branch of the dungeon, and saw 3 of its levels.

You collected 153 gold pieces.

Inventory:

Hand Weapons
 j - a +0 dagger (weapon)
Missiles
 k - 57 stones
Armour
 p - a +1 robe (worn)
 q - a +2 pair of boots (worn)
Scrolls
 b - 2 scrolls of teleportation
 c - 2 scrolls of identify
 d - 2 scrolls of remove curse
 f - a scroll of enchant weapon {unknown}
 h - 2 scrolls of fog {unknown}
 i - a scroll of enchant armour
 n - a scroll of amnesia
 o - a scroll of magic mapping {unknown}
 s - a scroll of blinking {unknown}
Potions
 a - a potion of curing {unknown}
 e - a potion of mutation {unknown}
 g - a potion of magic {unknown}
 l - 2 potions of lignification {unknown}
 m - a potion of might {unknown}
 r - a potion of heal wounds {unknown}
 t - a potion of brilliance {unknown}


   Skills:
 + Level 3.6 Dodging
 - Level 2.4 Stealth
 + Level 4.2 Spellcasting
 + Level 5.7 Necromancy


You had 9 spell levels left.
You knew the following spells:

 Your Spells              Type           Power        Failure   Level
a - Pain                  Necr           100%         1%          1
b - Animate Skeleton      Necr           54%          1%          1

Your spell library contained the following spells:

 Spells                   Type           Power        Failure   Level
 Vampiric Draining        Necr           13%          3%          3
 Animate Dead             Necr           13%          12%         4
 Agony                    Necr           27%          32%         5


Dungeon Overview and Level Annotations

Branches:
Dungeon (3/15)

Altars:
The Shining One


Message History

Press: ? - help, v - describe, . - travel, g - get item
Here: an orc priest, wielding a +0 dagger (almost dead)
Items here: a +0 trident; a +0 short sword.
The floor.
Casting: Pain (safe; 1% risk of failure)
Confirm with . or Enter, or press ? or * to list all spells.
Aiming: Pain (safe; 1% risk of failure)
Press: ? - help, Shift-Dir - straight line, f/p - orc priest
Aim: an orc priest, wielding a +0 dagger (almost dead, chance to affect: 83%)
The orc priest writhes in agony!
You kill the orc priest!
You have reached level 4!
You feel clever.
Press: ? - help, v - describe, . - travel, g - get item
Here: an orc priest, wielding a +0 club
Items here: ))) †.
The floor.
The orc priest mumbles some strange prayers to Beogh against you.
Beogh smites you!
You die...

#..............#
#.############.# #.# #.#
#.# #.##### ### #.#
#...... ..# #.#
######.####.
#.############)##
#......# #.
#..........##.#o##
#.####.# #.
#..#######[#o###@## #.#
#.# #. #...........##
##)# #.# #.####.
##.#######.#.###.## #.#
#.....# #.# #.##.#.#.##
#.# ####### #.#
#####[......#.###.#######
#.#
#.......o..###.o.o......#
#.#
#.#########.#.#########.#
##.###.# ##.## #.#
.......# ### #.#


You could see an orc priest.

Vanquished Creatures
  An orc priest (D:3)
  3 dart slugs
  A leopard gecko (D:2)
  4 orcs (D:3)
  6 bats
  A giant cockroach (D:2)
  4 goblins
  4 hobgoblins
  4 jackals (D:2)
  4 kobolds
  A quokka (D:2)
  3 frilled lizards
  4 rats (D:2)
40 creatures vanquished.

Vanquished Creatures (collateral kills)
  A goblin (D:1)
  A bat (D:3)
  A rat (D:2)
3 creatures vanquished.

Grand Total: 43 creatures vanquished

Notes
Turn   | Place    | Note
-------+----------+-------------------------------------------
     0 | D:1      | evile24 the Deep Elf Necromancer began the quest for the
                  | Orb.
     0 | D:1      | Reached XP level 1. HP: 10/10 MP: 6/6
   373 | D:1      | Reached skill level 5 in Necromancy
   381 | D:1      | Learned a level 1 spell: Animate Skeleton
   724 | D:1      | Reached XP level 2. HP: 13/15 MP: 5/8
  1894 | D:2      | Reached XP level 3. HP: 18/19 MP: 8/10
  2387 | D:2      | Found a glowing golden altar of the Shining One.
  3468 | D:3      | Reached XP level 4. HP: 3/24 MP: 6/12
  3468 | D:3      | Killed from afar by an orc priest

Illustrated notes

Levels and vault maps discovered:
D:1:      lightli_arrival_quake, layout_basic
D:2:      layout_basic, general_overflow_altar
D:3:      layout_loops_ring, tgw_fedhas

Skill      XL: |  1  2  3 |
---------------+----------+-----
Necromancy     | 5 |  5.7
Dodging        | 3 |  3.6
Spellcasting   | 4 |  4.2
Stealth        | |  2.4

Action                   |  1- 3 |  4- 6 || total
-------------------------+-------+-------++-------
Melee: Dagger            |     6 |       ||     6
Throw: Stone             |     1 |       ||     1
 Cast: Pain              |    67 |       ||    67
       Animate Skeleton  |    12 |       ||    12
  Use: Scroll            |     4 |       ||     4
 Stab: Sleeping          |     5 |       ||     5
Armor: Robe              |    12 |       ||    12
Dodge: Dodged            |    32 |       ||    32
